 Dungeon Crawl Stone Soup version 0.25-a0-435-g4b9beb1024 (webtiles) character file.

Game seed: 16456794541909222556, levelgen mode: deterministic

2389 Elellon the Thaumaturge (level 9, -1/45 HPs)
             Began as a Deep Elf Conjurer on Jan 28, 2020.
             Slain by a killer bee zombie (3 damage)
             ... on level 7 of the Dungeon.
             The game lasted 00:11:17 (7403 turns).

Elellon the Thaumaturge (Deep Elf Conjurer)         Turns: 7403, Time: 00:11:18

Health: -1/45      AC: 10    Str:  7    XL:     9   Next: 22%
Magic:  1/26       EV: 13    Int: 22    God:
Gold:   443        SH:  0    Dex: 15    Spells: 19/31 levels left

rFire    . . .     SeeInvis .   z - +1 whip (venom)
rCold    . . .     Gourm    .   (no shield)
rNeg     . . .     Faith    .   v - +2 robe {MR+}
rPois    .         Spirit   .   (no helmet)
rElec    .         Reflect  .   (no cloak)
rCorr    .         Harm     .   t - +1 pair of gloves
MR       ++...                  (no boots)
Stlth    ++........             (no amulet)
HPRegen  0.15/turn              e - ring of protection from magic
MPRegen  0.20/turn              B - +4 ring of protection

@: no status effects
A: no striking features
a: no special abilities


You were on level 7 of the Dungeon.
You were not hungry.

You visited 1 branch of the dungeon, and saw 7 of its levels.

You collected 443 gold pieces.

Inventory:

Hand Weapons
 z - a +1 whip of venom (weapon)
Armour
 t - a +1 pair of gloves (worn)
 v - a +2 robe of magic resistance (worn)
Jewellery
 e - a ring of protection from magic (left hand)
 o - an uncursed ring of positive energy
 r - an uncursed amulet of harm {unknown}
 s - an uncursed amulet of the gourmand {unknown}
 B - a +4 ring of protection (right hand)
Wands
 a - a wand of random effects (16)
 n - a wand of clouds (5)
 y - a wand of acid (9)
Scrolls
 b - 4 scrolls of enchant armour
 i - a scroll of fog
 j - 5 scrolls of identify
 k - 4 scrolls of teleportation
 m - 5 scrolls of remove curse
 w - 2 scrolls of immolation
 x - a scroll of amnesia
 G - a scroll of enchant weapon {unknown}
Potions
 d - 3 potions of might {unknown}
 f - a potion of haste {unknown}
 g - 2 potions of mutation {unknown}
 h - a potion of curing {unknown}
 l - 3 potions of heal wounds {unknown}
 p - 4 potions of lignification {unknown}
 q - 5 potions of degeneration {unknown}
 u - 2 potions of flight {unknown}
 A - 2 potions of brilliance {unknown}
 C - a potion of ambrosia {unknown}
 D - a potion of berserk rage {unknown}
 E - 2 potions of agility {unknown}
 F - a potion of magic {unknown}
Comestibles
 c - 13 rations


   Skills:
 - Level 2.4 Dodging
 - Level 2.4 Stealth
 + Level 11.6 Spellcasting
 + Level 10.5 Conjurations


You had 19 spell levels left.
You knew the following spells:

 Your Spells              Type           Power        Failure   Level  Hunger
a - Magic Dart            Conj           ####         1%          1    None
b - Searing Ray           Conj           ######       1%          2    None
c - Iskenderun's Mystic   Conj/Tloc      #####...     6%          4    None
d - Fireball              Conj/Fire      #####.....   17%         5    ####...

Your spell library contained the following spells:

 Spells                   Type           Power        Failure   Level  Hunger
 Foxfire                  Conj/Fire      ####         1%          1    None
 Conjure Flame            Conj/Fire      #####...     1%          3    None
 Dazzling Flash           Conj/Hex       #####.       1%          3    None
 Corona                   Hex            ##.....      5%          1    None
 Fulminant Prism          Conj/Hex       #####.....   6%          4    None
 Sticky Flame             Conj/Fire      #####...     6%          4    None
 Ensorcelled Hibernation  Hex/Ice        ##....       8%          2    None
 Confusing Touch          Hex            ##......     16%         3    None
 Inner Flame              Hex/Fire       ##......     16%         3    None
 Tukima's Dance           Hex            ##......     16%         3    None


Dungeon Overview and Level Annotations

Branches:
Dungeon (7/15)             Temple (0/1) D:4

Altars:
Elyvilon
Makhleb
Qazlal
Sif Muna
Trog
Uskayaw
Xom
Zin


Message History

Casting: Searing Ray (safe; 1% risk of failure)
Confirm with . or Enter, or press ? or * to list all spells.
Aiming: Searing Ray (safe; 1% risk of failure)
Press: ? - help, Shift-Dir - straight line, f - killer bee zombie
Aim: a killer bee zombie The searing ray hits the killer bee zombie!
The killer bee zombie is heavily damaged.
The searing ray misses the wraith. (Press . to maintain the ray.)
The killer bee zombie closely misses you.
The searing ray hits the killer bee zombie!
The killer bee zombie is almost destroyed.
The searing ray misses the wraith.
The killer bee zombie misses you. x2
The searing ray misses the killer bee zombie.
The searing ray hits the wraith.
The wraith is moderately damaged.
The killer bee zombie closely misses you. x2
Without enough magic to sustain it, your searing ray dissipates.
The killer bee zombie hits you.
You die...

.# .. ###### .
#.# #.<..#
#.#.# #.####
.#.# #.# # ..#
#.# .# #.# #.#
.# .#.#####.#
#. .##..WZ@..#
##.##
##.##..#######
.##..#..##..##
..###.###..##
...†.......#
)..##.####.#
###...###.##
.....###.##
#####.#.##


You could see a wraith and a killer bee zombie.

Vanquished Creatures
  An ugly thing (D:7)
  Sigmund (D:3)
  Edmund (D:5)
  Duvessa (D:6)
  An ice beast (D:7)
  A sky beast (D:5)
  An ogre (D:5)
  3 bullfrogs
  Dowan (D:6)
  A scorpion (D:5)
  5 wights (D:6)
  A howler monkey (D:6)
  4 crimson imps (D:5)
  2 bullfrog zombies
  A quasit (D:7)
  A jelly (D:5)
  2 bullfrog skeletons
  2 hounds
  5 orc wizards
  A centaur skeleton (D:6)
  A worker ant (D:6)
  A howler monkey zombie (D:6)
  9 adders
  A gnoll (D:1)
  A howler monkey skeleton (D:6)
  A shadow imp (D:7)
  An ooze (D:3)
  An adder skeleton (D:6)
  2 worms
  4 dart slugs
  3 leopard geckos
  15 orcs
  7 giant cockroaches
  2 goblins (D:1)
  8 hobgoblins
  9 kobolds
  3 quokkas
  A ball python (D:4)
  A ball python skeleton (D:4)
  7 bats
  4 frilled lizards
  8 rats
126 creatures vanquished.

Notes
Turn   | Place    | Note
-------+----------+-------------------------------------------
     0 | D:1      | Elellon the Deep Elf Conjurer began the quest for the Orb.
     0 | D:1      | Reached XP level 1. HP: 10/10 MP: 6/6
   173 | D:1      | Reached XP level 2. HP: 9/15 MP: 1/8
   772 | D:1      | Reached skill level 4 in Spellcasting
   974 | D:1      | Reached skill level 5 in Conjurations
   974 | D:1      | Reached XP level 3. HP: 19/19 MP: 8/10
  1943 | D:2      | Reached XP level 4. HP: 24/24 MP: 7/12
  2134 | D:2      | Found a faded altar of an unknown god.
  2451 | D:3      | Noticed a bullfrog
  2457 | D:3      | Killed a bullfrog
  2457 | D:3      | Reached skill level 5 in Spellcasting
  2457 | D:3      | Reached XP level 5. HP: 23/28 MP: 5/15
  2547 | D:3      | Learned a level 2 spell: Searing Ray
  2552 | D:3      | Learned a level 4 spell: Iskenderun's Mystic Blast
  2634 | D:3      | Found a white marble altar of Elyvilon.
  2638 | D:3      | Noticed Sigmund
  2675 | D:3      | Killed Sigmund
  2675 | D:3      | Reached skill level 6 in Spellcasting
  2675 | D:3      | Reached XP level 6. HP: 22/32 MP: 9/17
  3566 | D:4      | Found a glowing silver altar of Zin.
  3566 | D:4      | Found a shimmering altar of Xom.
  3566 | D:4      | Noticed an angel
  3631 | D:4      | Reached skill level 7 in Spellcasting
  3721 | D:4      | Found a hide-covered altar of Uskayaw.
  3732 | D:4      | Found a bloodstained altar of Trog.
  3800 | D:4      | Found a staircase to the Ecumenical Temple.
  4157 | D:4      | Found a stormy altar of Qazlal.
  4345 | D:5      | Entered Level 5 of the Dungeon
  4540 | D:5      | Reached XP level 7. HP: 36/36 MP: 16/19
  4818 | D:5      | Noticed Edmund
  4828 | D:5      | Killed Edmund
  4828 | D:5      | Reached skill level 8 in Spellcasting
  5276 | D:5      | Reached skill level 9 in Spellcasting
  5276 | D:5      | Reached XP level 8. HP: 41/41 MP: 15/23
  5461 | D:5      | Found a shimmering blue altar of Sif Muna.
  6079 | D:6      | Noticed Duvessa
  6087 | D:6      | Noticed Dowan
  6091 | D:6      | Killed Duvessa
  6097 | D:6      | Killed Dowan
  6195 | D:6      | Found a burning altar of Makhleb.
  6240 | D:6      | Learned a level 5 spell: Fireball
  6297 | D:6      | Reached skill level 10 in Spellcasting
  6714 | D:6      | Found a bloodstained altar of Trog.
  7359 | D:7      | Noticed a purple ugly thing
  7361 | D:7      | Reached skill level 11 in Spellcasting
  7361 | D:7      | Reached skill level 10 in Conjurations
  7367 | D:7      | Noticed a komodo dragon
  7386 | D:7      | Killed a purple ugly thing
  7386 | D:7      | Reached XP level 9. HP: 7/45 MP: 3/26
  7398 | D:7      | HP: 1/45 [killer bee zombie (5)]
  7403 | D:7      | Slain by a killer bee zombie

Levels and vault maps discovered:
D:1:      eino_arrival_water_cross, layout_loops_cross
D:2:      layout_loops_ring, chequers_ecumenical_altar_island, minivault_27,
          mrwooster_statue_mirror
D:3:      layout_rooms, lemuel_crystal_altar, first_ration, minmay_unequal,
          uniq_sigmund
D:4:      layout_cave_pods, grunt_temple_overflow_order_and_chaos_1,
          kennysheep_mini_moat, amethyst_overflow_temple_binary,
          minmay_temple_entry_wispy
D:5:      layout_basic, led_sif_book, uniq_edmund
D:6:      layout_loops_ring, lightli_temple_of_fire, roderic_roman_lattice,
          grunt_decor_fettered, trog_book, uniq_duvessa
D:7:      minmay_the_grid_octo_tiled_octocenter
          [minmay_the_grid_octo_vomiting_pacman,
          minmay_the_grid_octo_checkerflower, minmay_the_grid_octo_shrine,
          minmay_the_grid_octo_checkered,
          minmay_the_grid_octo_prize_square_snowflake,
          minmay_the_grid_square_5x5_seven, minmay_the_grid_square_5x5_shrine1,
          minmay_the_grid_square_5x5_hourglass, minmay_the_grid_square_5x5_c],
          layout_loops_ring, yredelemnul_forgotten_temple_becter

Skill      XL: |  1  2  3  4  5  6  7  8 |
---------------+-------------------------+-----
Spellcasting   | 4 5 6 7 9 11 | 11.6
Conjurations   | 5 6 7 8 10 | 10.5
Dodging        | |  2.4
Stealth        | |  2.4

Action                   |  1- 3 |  4- 6 |  7- 9 || total
-------------------------+-------+-------+-------++-------
 Cast: Magic Dart        |    71 |   101 |    86 ||   258
       Searing Ray       |       |     6 |    37 ||    43
       Iskenderun's Myst |       |       |     2 ||     2
  Use: Scroll            |       |     5 |     7 ||    12
  Eat: Chunk             |     3 |     6 |    10 ||    19
Armor: Robe              |     3 |     5 |    13 ||    21
       Skin              |       |     1 |       ||     1
Dodge: Dodged            |     4 |     8 |    17 ||    29

Table legend:
 A = Non-vault XP
 B = Vault XP
 C = Vault XP percentage of total XP
 D = Non-vault monster count
 E = Vault monster count
 F = Vault count percentage of total count
                 A         B        C        D         E       F
            +---------+---------+-------+---------+---------+-------
      Total |    1817 |    1596 |  46.8 |     111 |      15 |  11.9
            +---------+---------+-------+---------+---------+-------
        D:1 |      41 |       0 |   0.0 |      15 |       0 |   0.0
        D:2 |      92 |       0 |   0.0 |      25 |       0 |   0.0
        D:3 |     190 |     213 |  52.9 |      20 |       5 |  20.0
        D:4 |      52 |       0 |   0.0 |       7 |       0 |   0.0
        D:5 |     767 |     245 |  24.2 |      25 |       3 |  10.7
        D:6 |     662 |     230 |  25.8 |      17 |       2 |  10.5
        D:7 |      13 |     908 |  98.6 |       2 |       5 |  71.4
            +---------+---------+-------+---------+---------+-------
